 Dungeon Crawl Stone Soup version 0.29.1-15-g9cfb28693d (webtiles) character file.

Game seed: 6284426973068497806

12 protoss039 the Digger (level 2, 4/21 HPs)
             Began as a Demonspawn Earth Elementalist on Mar 25, 2023.
             Got out of the dungeon alive.
             The game lasted 00:01:43 (353 turns).

protoss039 the Digger (DsEE)                         Turns: 353, Time: 00:01:43

Health: 4/21       AC:  3    Str:  8    XL:     2   Next: 20%
Magic:  5/5        EV: 11    Int: 16    God:
Gold:   43         SH:  0    Dex: 13    Spells: 4/5 levels left

rFire   . . .      SeeInvis .   e - +0 short sword
rCold   . . .      Faith    .   (no shield)
rNeg    . . .      Spirit   .   d - +0 leather armour
rPois   .          Reflect  .   (no helmet)
rElec   .          Harm     .   (no cloak)
rCorr   .          Rampage  .   (no gloves)
Will    .....                   (no boots)
Stlth   ++........              (no amulet)
HPRegen 0.07/turn               (no ring)
MPRegen 0.09/turn               (no ring)

@: no status effects
A: demonic guardian 1
a: no special abilities


You escaped.
You visited 1 branch of the dungeon, and saw 1 of its levels.

You collected 43 gold pieces.

Inventory:

Hand Weapons
 e - a +0 short sword (weapon)
 f - a +0 dagger of holy wrath
Armour
 a - a +0 robe
 d - a +0 leather armour (worn)
Scrolls
 c - 2 scrolls of teleportation {unknown}
 h - a scroll of blinking {unknown}
Potions
 b - a potion of magic
 g - 2 potions of haste {unknown}


   Skills:
 + Level 1.0 Fighting
 - Level 1.7 Dodging
 - Level 1.7 Stealth
 + Level 2.2 Spellcasting
 - Level 0.8 Transmutations
 + Level 2.9 Earth Magic


You had 4 spell levels left.
You knew the following spells:

 Your Spells              Type           Power      Damage    Failure   Level
a - Sandblast             Erth           22%        2d7       9%          1

Your spell library contained the following spells:

 Spells                   Type           Power      Damage    Failure   Level
 Passwall                 Tmut/Erth      5%         N/A       21%         2
 Freeze                   Ice            4%         1d3       30%         1
 Stone Arrow              Conj/Erth      12%        3d7       43%         3
 Frozen Ramparts          Ice            2%         1d1       65%         3
 Petrify                  Tmut/Erth      7%         N/A       80%         4
 Hailstorm                Conj/Ice       1%         3d3       96%         4


Dungeon Overview and Level Annotations

Branches:
Dungeon (1/15) Zot: 5640

Altars:

Shops:
D:1 (


Innate Abilities, Weirdness & Mutations

A weak demonic guardian rushes to your aid.


Message History

The goblin hits you with a +0 dagger.
* * * LOW HITPOINT WARNING * * *
A demonic guardian appears!
You closely miss the goblin.
The goblin is severely wounded.
The goblin hits you with a +0 dagger.
* * * LOW HITPOINT WARNING * * *
You hit the goblin.
You kill the goblin!
The bat misses you.
You hit the hobgoblin but do no damage. The hobgoblin barely misses you.
Unknown command.
You swap places.
The hobgoblin barely misses your white imp.
Your white imp gestures at the hobgoblin.
The puff of frost hits the hobgoblin!
The hobgoblin dies!
Your Fighting skill increases to level 1!
Unknown command.
The bat hits your white imp but does no damage.
Unknown command.
The bat hits your white imp but does no damage.
Unknown command.
Your white imp barely misses the bat.
Unknown command.
The bat closely misses your white imp.
Your white imp gestures at the bat.
The puff of frost hits the bat!
The bat dies!
Unknown command.
Unknown command.
There is an open door here.
There is an open door here.
You open the door.
Magic restored.
There is an open door here.
There is an open door here.
There is a staircase leading out of the dungeon here.
Are you sure you want to leave the Dungeon?
This will make you lose the game!
You have escaped!

#####.#...# #.#.#
##.....########.#'##
#..#'#.............♣P
#.##.###########...P.
#.##'# #.....
#####.##.# #...♣P
#.....##'## #....♣
#.#####...### #.....
#.'.'.'.@.'.+ #.....
#######...### .[....
##'## ###### #.# #+#
# # # # #


There were no monsters in sight!

Vanquished Creatures
  3 goblins (D:1)
  2 kobolds (D:1)
  2 ball pythons (D:1)
  A frilled lizard (D:1)
  2 rats (D:1)
10 creatures vanquished.

Vanquished Creatures (collateral kills)
  A hobgoblin (D:1)
  A bat (D:1)
2 creatures vanquished.

Grand Total: 12 creatures vanquished

Notes
Turn   | Place    | Note
-------+----------+-------------------------------------------
     0 | D:1      | protoss039 the Demonspawn Earth Elementalist began the
                  | quest for the Orb.
     0 | D:1      | Reached XP level 1. HP: 13/13 MP: 3/3
   106 | D:1      | Found Bewnakits's Weapon Boutique.
   303 | D:1      | Gained mutation: A weak demonic guardian rushes to your
                  | aid. [demonic ancestry]
   303 | D:1      | Reached XP level 2. HP: 6/20 MP: 0/5
   310 | D:1      | HP: 1/20 [goblin/+0 dagger (2)]
   314 | D:1      | Reached skill level 1 in Fighting
   353 | D:$      | Got out of the dungeon alive.

Illustrated notes

Levels and vault maps discovered:
D:1:      minmay_arrival_doors, layout_basic, serial_forest,
          infiniplex_forest_straight_4, infiniplex_forest_pool,
          infiniplex_forest_corner_1, infiniplex_forest_clump_double,
          infiniplex_forest_end_2, infiniplex_forest_clump_C,
          infiniplex_forest_clump_double, infiniplex_forest_lined_4_way,
          serial_shops, shop, minmay_heptomino_l4

Skill      XL: |  1  2 |
---------------+-------+-----
Fighting       | 1 |  1.0
Dodging        | |  1.7
Stealth        | |  1.7
Spellcasting   | |  2.2
Transmutations | |  0.8
Earth Magic    | |  2.9

Action                   || total
-------------------------++-------
Melee: Short sword       ||    28
       Punch             ||     1
 Cast: Sandblast         ||     8
Armor: Leather armour    ||    11
Dodge: Dodged            ||    15
